 Dungeon Crawl Stone Soup version 0.19.5 (webtiles) character file.

90 pps the Skirmisher (level 4, -8/29 HPs)
             Began as a Gargoyle Monk on Mar 28, 2017.
             Mangled by an ogre
             ... wielding a +0 giant spiked club
              (25 damage)
             ... on level 4 of the Dungeon.
             The game lasted 00:14:01 (2393 turns).

pps the Skirmisher (Gargoyle Monk)                  Turns: 2393, Time: 00:14:02

Health: -8/29      AC:  8    Str: 15    XL:     4   Next: 56%
Magic:  4/4        EV:  6    Int: 11    God:
Gold:   83         SH: 11    Dex: 12    Spells: 0 memorised, 3 levels left

rFire  . . .     SeeInvis .     a - +0 falchion
rCold  . . .     Gourm    .     B - +0 ring mail {rPois}
rNeg   + . .     Faith    .     u - +0 large shield
rPois  ∞         Spirit   .     (no helmet)
rElec  +         Reflect  .     (no cloak)
rCorr  .         Harm     .     (no gloves)
MR     .....                    (no boots)
Stlth  +.........               (no amulet)
                                (no ring)
                                (no ring)

@: no status effects
A: negative energy resistance 1, electricity resistance, unbreathing,
petrification resistance, rot immunity, AC +3
a: no special abilities


You were on level 4 of the Dungeon.
You were hungry.

You visited 1 branch of the dungeon, and saw 4 of its levels.

You collected 83 gold pieces.

Inventory:

Hand Weapons
 a - a +0 falchion (weapon)
 e - a +0 hunting sling
 g - a +0 hunting sling of velocity
 h - a +0 whip
 n - a +0 whip
 q - a +0 club
 w - a +0 hunting sling
 D - a +0 hunting sling
 E - a +0 blowgun
 G - a cursed +0 dagger
 J - a +0 hunting sling
 O - a +0 long sword
Missiles
 j - 21 arrows
 k - 116 stones (quivered)
 z - 9 sling bullets
 F - 8 poisoned needles
Armour
 b - a +0 robe
 r - a +1 ring mail of cold resistance
 u - a +0 large shield (worn)
 B - a +0 ring mail of poison resistance (worn)
Jewellery
 i - a cursed ring of protection from fire {unknown}
 v - a +3 ring of intelligence {unknown}
Scrolls
 d - a scroll of random uselessness {unknown}
 l - a scroll of fog {unknown}
 m - a scroll of immolation {unknown}
 t - 3 scrolls of teleportation {unknown}
 y - a scroll of identify {unknown}
 A - a scroll of amnesia {unknown}
 C - a scroll of magic mapping {unknown}
 M - a scroll of fear {unknown}
Potions
 f - 3 potions of curing {unknown}
 o - a potion of resistance
 p - a potion of heal wounds {unknown}
 x - a potion of might {unknown}
 H - a potion of degeneration {unknown}
 L - a potion of flight {unknown}
Comestibles
 c - 4 bread rations
 s - 3 fruits
 I - a meat ration
 K - a slice of pizza
 N - a beef jerky


   Skills:
 + Level 3.9 Fighting
 + Level 3.1 Long Blades
 + Level 2.1 Slings
 + Level 0.9 Armour
 + Level 2.6 Dodging
 + Level 2.3 Stealth
 + Level 0.4 Shields


You had 3 spell levels left.
You didn't know any spells.

Dungeon Overview and Level Annotations

Branches:
Dungeon (4/15)
 Temple: D:4-7

Altars:


Innate Abilities, Weirdness & Mutations

You are resistant to torment.
Your stone body is resilient. (AC +3)
You are immune to poison.
You resist negative energy. (rN+)
You are resistant to electric shocks. (rElec)
You can survive without breathing.
You are immune to petrification.
You are immune to rotting.


Message History

You hit the ogre.
The ogre is lightly wounded.
The ogre hits you with a giant spiked club!
The ogre completely misses you.
You closely miss the ogre.
The ogre is lightly wounded.
The ogre closely misses you.
Your shield prevents you from hitting the ogre.
The ogre is lightly wounded.
You hit the ogre.
The ogre is moderately wounded.
The ogre closely misses you.
You hit the ogre.
The ogre is moderately wounded.
You block the ogre's attack.
You hit the ogre.
The ogre is heavily wounded.
The ogre hits you with a giant spiked club!!
Ouch! That really hurt!
You die...

## #. #.
##.###
##...)#
###..#..#
##.!.....####
........ooO@+
#........####
#........#
#....##o#
#....##.#
#.....<.#
###.#####


You could see an ogre and 2 orcs.

Vanquished Creatures
  3 adders
  2 worms (D:3)
  5 orcs
  2 ball pythons
  8 bats
  5 giant cockroaches
  6 goblins
  4 hobgoblins
  2 jackals (D:3)
  A quokka (D:3)
  5 frilled lizards
  4 kobolds
  5 rats
52 creatures vanquished.

Notes
Turn   | Place    | Note
-------+----------+-------------------------------------------
     0 | D:1      | pps the Gargoyle Monk began the quest for the Orb.
     0 | D:1      | Reached XP level 1. HP: 14/14 MP: 1/1
   215 | D:1      | Reached XP level 2. HP: 18/19 MP: 2/2
   738 | D:2      | Reached XP level 3. HP: 19/24 MP: 3/3
  1552 | D:3      | Reached skill level 1 in Slings
  1828 | D:3      | Reached XP level 4. HP: 21/29 MP: 4/4
  2369 | D:4      | Noticed an ogre
  2393 | D:4      | Mangled by an ogre

Skill      XL: |  1  2  3  4 |
---------------+-------------+-----
Long Blades    | 3 |  3.1
Slings         | 1 2 |  2.1
Fighting       | |  3.9
Armour         | |  0.9
Dodging        | |  2.6
Stealth        | |  2.3
Shields        | |  0.4

Action                   |  1- 3 |  4- 6 || total
-------------------------+-------+-------++-------
Melee: Falchion          |    23 |    18 ||    41
 Fire: Hunting sling     |    77 |    37 ||   114
  Eat: Chunk             |     1 |     1 ||     2
       Pizza             |     1 |       ||     1
Armor: Robe              |     9 |       ||     9
       Ring mail         |    24 |    16 ||    40
       Scale mail        |     3 |       ||     3
Dodge: Dodged            |    38 |     7 ||    45
Block: Large shield      |    26 |    34 ||    60
       Rpst.: Falchion   |     3 |       ||     3
